 Dungeon Crawl Stone Soup version 0.28.0-1-gb440e238dd (webtiles) character file.

Game seed: 17731056754949090495

0 spaghetti the Charlatan (level 1, -5/13 HPs)
             Began as a Demonspawn Wanderer on Feb 21, 2022.
             Slain by a gnoll (9 damage)
             ... on level 1 of the Dungeon.
             The game lasted 00:01:01 (48 turns).

spaghetti the Charlatan (Demonspawn Wanderer)         Turns: 48, Time: 00:01:01

Health: -5/13      AC:  2    Str: 13    XL:     1   Next: 8%
Magic:  2/3        EV: 11    Int: 15    God:
Gold:   0          SH:  0    Dex:  9    Spells: 3/4 levels left

rFire   . . .      SeeInvis .   a - +0 hand axe
rCold   . . .      Faith    .   (no shield)
rNeg    . . .      Spirit   .   c - +0 robe
rPois   .          Reflect  .   (no helmet)
rElec   .          Harm     .   (no cloak)
rCorr   .          Rampage  .   (no gloves)
Will    .....                   (no boots)
Stlth   +.........              (no amulet)
HPRegen 0.04/turn               (no ring)
MPRegen 0.08/turn               (no ring)

@: no status effects
A: no striking features
a: no special abilities


You were on level 1 of the Dungeon.
You visited 1 branch of the dungeon, and saw 1 of its levels.

Inventory:

Hand Weapons
 a - a +0 hand axe (weapon)
Armour
 c - a +0 robe (worn)
Miscellaneous
 b - a piece from Xom's chessboard (15/15)


   Skills:
 + Level 1.0 Axes
 - Level 1.0 Stealth
 - Level 2.0 Spellcasting
 - Level 3.0 Hexes
 - Level 3.0 Evocations


You had 3 spell levels left.
You knew the following spells:

 Your Spells              Type           Power      Damage    Failure   Level
a - Slow                  Hex            40%        N/A       6%          1

Your spell library contained the following spells:

 Spells                   Type           Power      Damage    Failure   Level
 Inner Flame              Hex/Fire       6%         N/A       34%         3
 Cause Fear               Hex            5%         N/A       54%         4


Dungeon Overview and Level Annotations

Branches:
Dungeon (1/15)

Altars:


Message History

You are too injured to fight recklessly!
You are too injured to fight recklessly!
You are too injured to fight recklessly!
You are too injured to fight recklessly!
You are too injured to fight recklessly!
You are too injured to fight recklessly!
You are too injured to fight recklessly!
You are too injured to fight recklessly!
You are too injured to fight recklessly!
You are too injured to fight recklessly!
A rat comes into view.
Found a stone staircase leading down.
A dart slug comes into view.
Casting: Slow (safe; 6% risk of failure)
Confirm with . or Enter, or press ? or * to list all spells.
Aiming: Slow (safe; 6% risk of failure)
Press: ? - help, Shift-Dir - straight line, f - gnoll
Aim: a gnoll, wielding a +0 club (chance to affect: 57%)
The gnoll seems to slow down.
There is a stone staircase leading down here.
Okay, then.
You aren't carrying any potions.
You aren't carrying any scrolls.
Unknown command.
Okay, then.
You aren't carrying any scrolls.
Unknown command.
You aren't carrying any potions.
Unknown command.
You aren't carrying any potions.
Okay, then.
Unknown command.
The gnoll misses you.
You completely miss the rat. You barely miss the gnoll.
The rat closely misses you. The dart slug launches a dart at you.
The slug dart misses you. The gnoll hits you with a +0 club!
Ouch! That really hurt!
You die...

.# ## ########.#..
#....#...#.# .#.w^.....#
.........# ........#
#.#...#.####.#
#.#@.........# #.rgr..###.
..... ###......#. ##.....
###+ ######.#. .......
≈.P..♣♣♣♣ #.#. ..#....
≈≈.....<♣♣ #.#.#.....#
P≈≈≈.P...♣#
#####r#.....###
PPP≈≈.....###
#..†..##......#
≈≈≈≈≈≈....'.###.####.....#


You could see a gnoll (slow), a dart slug and 2 rats.

Vanquished Creatures
  A bat (D:1)
1 creature vanquished.

Notes
Turn   | Place    | Note
-------+----------+-------------------------------------------
     0 | D:1      | spaghetti the Demonspawn Wanderer began the quest for the
                  | Orb.
     0 | D:1      | spaghetti set off with the following items: a +0 hand axe,
                  | a piece from Xom's chessboard (15/15), a +0 robe; and the
                  | following spell memorised: Slow; and the following spells
                  | available to memorise: Inner Flame, Cause Fear
     0 | D:1      | Reached XP level 1. HP: 13/13 MP: 3/3
    48 | D:1      | Slain by a gnoll

Illustrated notes

Levels and vault maps discovered:
D:1:      tarquinn_simple_flora_water_c, layout_basic,
          dreamdust_ecumenical_altar_statues, chequers_serial_rivers_room_b,
          st_stairs_8

Action                   || total
-------------------------++-------
Melee: Hand axe          ||     7
 Cast: Slow              ||     1
Armor: Robe              ||     5
Dodge: Dodged            ||     5
